 Seeded DCSS version 0.30.1-9-gdf580d7c3d (webtiles) character file.

Game seed: 6351066067085065685 (custom seed)

37 Esekla the Magician (level 3, -4/18 (19) HPs)
             Began as a Deep Elf Wanderer on Oct 18, 2023.
             Was an Initiate of Vehumet.
             Slain by a hound (5 damage)
             ... on level 3 of the Dungeon.
             The game lasted 00:10:39 (1414 turns).

Esekla the Magician (Deep Elf Wanderer)             Turns: 1414, Time: 00:10:39

HP:   -4/18 (19)    AC:  4    Str: 11    XL:     3   Next: 23%
MP:   0/11          EV: 11    Int: 19    God:    Vehumet [......]
Gold: 139           SH:  4    Dex: 14    Spells: 5/12 levels left

rFire   . . .        s - +5 rapier of the Hero {heavy, rN+ Dex+3}
rCold   . . .        d - +0 buckler
rNeg    + . .        c - +0 robe
rPois   .            l - +0 helmet
rElec   .            (no cloak)
rCorr   .            k - +0 pair of gloves
SInv    .            (no boots)
Will    .....        (no amulet)
Stlth   ++           (no ring)
HPRegen 0.23/turn    (no ring)
MPRegen 0.12/turn

%: no passive effects
@: very slightly contaminated, drained
A: no striking features
a: Renounce Religion


You were on level 3 of the Dungeon.
You worshipped Vehumet.
Vehumet was noncommittal.
You visited 1 branch of the dungeon, and saw 4 of its levels.

You collected 139 gold pieces.

Inventory:

Hand Weapons
 a - a +1 short sword of freezing
 s - the +5 rapier of the Hero (weapon) {heavy, rN+ Dex+3}
   (You found it on level 3 of the Dungeon)

   Dex:       It affects your dexterity (+3).
   rN:        It protects you from negative energy.
Armour
 c - a +0 robe (worn)
 d - a +0 buckler (worn)
 k - a +0 pair of gloves (worn)
 l - a +0 helmet (worn)
Wands
 i - a wand of roots (9)
Scrolls
 g - 3 scrolls of identify {unknown}
 n - a scroll of amnesia {unknown}
 o - a scroll of immolation {unknown}
 q - a scroll of enchant armour {unknown}
Potions
 b - a potion of lignification
 e - a potion of ambrosia {unknown}
 f - 2 potions of attraction {unknown}
 h - a potion of heal wounds {unknown}
 j - a potion of curing
 m - a potion of mutation {unknown}
 p - a potion of haste {unknown}


   Skills:
 + Level 0.1 Short Blades
 * Level 1.1 Dodging
 + Level 1.4 Stealth
 + Level 1.6 Shields
 * Level 5.1 Spellcasting
 + Level 0.2 Conjurations
 * Level 1.5 Necromancy
 + Level 2.4 Translocations
 + Level 1.0 Invocations


You had 5 spell levels left.
You knew the following spells:

 Your Spells              Type           Power      Damage    Failure   Level
a - Magic Dart            Conj           20%        1d4       16%         1
b - Blink                 Tloc           28%        N/A       10%         2
d - Vampiric Draining     Necr           10%        2d6       28%         3
p - Apportation           Tloc           28%        N/A       7%          1

Your spell library contained the following spells:

 Spells                   Type           Power      Damage    Failure   Level
 Lesser Beckoning         Tloc           28%        N/A       10%         2
 Ignite Poison            Fire/Tmut/Pois 4%         N/A       47%         3


Dungeon Overview and Level Annotations

Branches:
Dungeon (4/15)
 Temple: D:4-7

Altars:
Okawaru
Qazlal
Vehumet
Zin

Shops:
D:2 =


Message History

Aiming: Vampiric Draining (astonishingly dangerous; 28% risk of failure)
Press: ? - help, Shift-Dir - straight line, f/p - hound
Aim: a hound (lightly wounded)
You miscast Vampiric Draining.
You are very lightly contaminated with residual magic.
Nothing appears to happen.
The hound bites you. x2
Casting: Vampiric Draining (astonishingly dangerous; 28% risk of failure)
Confirm with . or Enter, or press ? or * to list all spells.
The spell is astonishingly dangerous to miscast (28% risk of failure)!
Continue anyway?
Aiming: Vampiric Draining (astonishingly dangerous; 28% risk of failure)
Press: ? - help, Shift-Dir - straight line, f/p - hound
Aim: a hound (lightly wounded)
You miscast Vampiric Draining.
You convulse helplessly as pain tears through your body.
You partially resist.
You feel drained.
* * * LOW HITPOINT WARNING * * *
The hound bites you.
* * * LOW HITPOINT WARNING * * *
Casting: Vampiric Draining (astonishingly dangerous; 28% risk of failure)
Confirm with . or Enter, or press ? or * to list all spells.
The spell is astonishingly dangerous to miscast (28% risk of failure)!
Continue anyway?
Aiming: Vampiric Draining (astonishingly dangerous; 28% risk of failure)
Press: ? - help, Shift-Dir - straight line, f/p - hound
Aim: a hound (lightly wounded)
You miscast Vampiric Draining.
Nothing appears to happen.
The hound bites you.
* * * LOW HITPOINT WARNING * * *
The hound pauses to sniff the ground.
The hound closely misses you.
You miss the hound.
The hound is lightly wounded.
The hound closely misses you. The hound barely misses you.
You puncture the hound!
The hound is almost dead.
The hound completely misses you. x2; You block the hound's attack.
You hit the hound but do no damage.
The hound is almost dead.
The hound bites you but does no damage. The hound bites you.
* * * LOW HITPOINT WARNING * * *
The hound bites you.
You die...

#.......# ##.......###
#..........# #######....#
#....# #....# #....# #
#....# ...
#############...@###.....
<...........†....h......_
#############.####.##....
#.# .# . #.# .. #.# ##.
#.# #. #.# .. #.# #.


You could see a hound.

Vanquished Creatures
  2 adders
  A dart slug (D:3)
  An endoplasm (D:3)
  4 goblins
  3 hobgoblins
  A ball python (D:3)
  2 bats (D:3)
  A frilled lizard (D:3)
  3 kobolds
  A rat (D:2)
19 creatures vanquished.

Notes
Turn   | Place    | Note
-------+----------+-------------------------------------------
     0 | D:1      | Esekla the Deep Elf Wanderer began the quest for the Orb.
     0 | D:1      | Esekla set off with the following items: a +0 club, a
                  | potion of lignification, a +0 robe, a +0 buckler; and the
                  | following spells available to memorise: Apportation, Blink,
                  | Lesser Beckoning, Magic Dart, Ignite Poison, Vampiric
                  | Draining.
     0 | D:1      | Reached XP level 1. HP: 10/10 MP: 7/7
     2 | D:1      | Learned a level 1 spell: Magic Dart
     4 | D:1      | Learned a level 1 spell: Apportation
   241 | D:2      | Found Renulab's Jewellery Shop.
   442 | D:4      | Found a radiant altar of Vehumet.
   450 | D:4      | Found an iron altar of Okawaru.
   462 | D:4      | Found a glowing silver altar of Zin.
   544 | D:4      | Became a worshipper of Vehumet
   725 | D:3      | Reached XP level 2. HP: 15/15 MP: 7/9
   881 | D:3      | Identified the +5 rapier of the Hero {heavy, rN+ Dex+3}
                  | (You found it on level 3 of the Dungeon)
   976 | D:2      | You fall into a shaft and drop 1 floor!
   981 | D:3      | Learned a level 2 spell: Blink
  1227 | D:2      | Reached skill level 1 in Necromancy
  1254 | D:2      | Reached skill level 5 in Spellcasting
  1316 | D:3      | Found a stormy altar of Qazlal.
  1328 | D:3      | Reached skill level 1 in Dodging
  1328 | D:3      | Reached XP level 3. HP: 19/19 MP: 8/11
  1332 | D:3      | Learned a level 3 spell: Vampiric Draining
  1414 | D:3      | Slain by a hound

Illustrated notes

Levels and vault maps discovered:
D:1:      sevenhm_arrival_forest_fort_small_3, layout_rooms,
          chequers_serial_rivers_room_b, minmay_misc_feat_five
D:2:      layout_loops_ring, dreamdust_ecumenical_altar_angels_and_demons,
          serial_shops, shop
D:3:      layout_basic, grunt_temple_overflow_open, minmay_misc_feat_iff
D:4:      layout_basic, nicolae_overflow_quartered_altars, serial_shops,
          nicolae_diamond_shop

Skill      XL: |  1  2 |
---------------+-------+-----
Necromancy     | 1 |  1.5
Spellcasting   | 5 |  5.1
Dodging        | 1 |  1.1
Short Blades   | |  0.1
Stealth        | |  1.4
Shields        | |  1.6
Conjurations   | |  0.2
Translocations | |  2.4
Invocations    | |  1.0

Action                     || total
---------------------------++-------
  Melee: Short sword       ||    14
         Rapier            ||    15
   Cast: Apportation       ||    21
         Magic Dart        ||    24
    Use: Scroll            ||     1
         Potion            ||     1
   Stab: Sleeping          ||     3
 Armour: Robe              ||    21
  Dodge: Dodged            ||    40
  Block: Buckler           ||    10
